 Dungeon Crawl Stone Soup version 0.18-a0-995-gd892ad2 (webtiles) character file.

14801 Banto the Spear-Bearer (level 11, -5/102 HPs)
             Began as a Centaur Warper on Jan 5, 2016.
             Was a High Priest of Pakellas.
             Slain by a 20-headed hydra (6 damage)
             ... on level 3 of the Lair of Beasts.
             The game lasted 00:27:14 (15100 turns).

Banto the Spear-Bearer (Centaur Warper)            Turns: 15100, Time: 00:27:14

Health: -5/102     AC: 12    Str: 14    XL:     11   Next: 93%
Magic:  26/26      EV:  8    Int: 12    God:    Pakellas [*****.]
Gold:   731        SH:  8    Dex: 15    Spells: 2 memorised, 10 levels left

rFire  . . .     SeeInvis .     a - +1 halberd (drain)
rCold  . . .     Gourm    .     B - +3 ring mail "Etheotu" {rPois}
rNeg   . . .     Faith    .     (shield currently unavailable)
rPois  +         Spirit   .     F - +0 hat
rElec  +         Dismiss  .     H - +1 cloak {MR+}
rCorr  .         Reflect  +     O - +1 pair of gloves {Dex+3}
SustAt .         Harm     .     (no barding)
MR     +....                    C - brooch of Shielding {Reflect SH+8}
Stlth  ++........               T - ring of magical power
                                D - ring of stealth

@: very quick, somewhat resistant to hostile enchantments, unstealthy
A: antennae 1, beak, hooves 3, deformed body, speed 2, screaming 1, electricity
resistance, tough skin 3
a: Quick Charge, Device Surge, Renounce Religion


You were on level 3 of the Lair of Beasts.
You worshipped Pakellas.
Pakellas was extremely pleased with you.
You were hungry.

You visited 3 branches of the dungeon, and saw 15 of its levels.
You also visited: Ossuary.

You collected 896 gold pieces.
You spent 165 gold pieces at shops.

Inventory:

Hand Weapons
 a - a +1 halberd of draining (weapon)
 s - a +0 shortbow
Missiles
 y - 5 throwing nets (quivered)
 I - 147 arrows
Armour
 B - the +3 ring mail "Etheotu" (worn) {rPois}
   (You took it off an orc on level 4 of the Dungeon)

   It protects you from poison.
 F - a +0 hat (worn)
 H - a +1 cloak of magic resistance (worn)
 O - a +1 pair of gloves of dexterity (worn)
Rods
 b - a +8 rod of destruction (2/11)
   (Pakellas gifted it to you on level 10 of the Dungeon)
Jewellery
 k - an uncursed ring of flight
 l - an uncursed ring of teleportation
 C - the brooch of Shielding (around neck) {Reflect SH+8}
   (You found it on level 4 of the Dungeon)

   [amulet of reflection]

   It shields you and reflects attacks.
   It affects your SH (+8).
 D - a ring of stealth (left hand)
 T - a ring of magical power (right hand)
Wands
 e - a wand of cold (13/15)
 h - a wand of teleportation (7/9)
 u - a wand of paralysis (17/24)
 z - a wand of digging (6/24)
 M - a wand of paralysis (16/24)
 P - a wand of paralysis (16/24)
 Q - a wand of invisibility (4/9)
Scrolls
 c - 4 scrolls of fear
 d - 2 scrolls of blinking
 g - 2 scrolls of recharging
 q - 3 scrolls of magic mapping
 t - 3 scrolls of enchant weapon
 E - 7 scrolls of remove curse
 S - a scroll of teleportation
 X - 2 scrolls of fog
Potions
 i - a potion of resistance
 m - 2 potions of cure mutation
 o - 4 potions of invisibility
 p - a potion of berserk rage {unknown}
 r - 10 potions of curing
 x - 2 potions of beneficial mutation
 A - 2 potions of magic
 K - 3 potions of haste
 L - 7 potions of might
 N - a potion of cancellation
 R - a potion of ambrosia {unknown}
 U - 4 potions of heal wounds
 W - a potion of degeneration {unknown}
Miscellaneous
 V - a fan of gales
Comestibles
 f - 11 bread rations
 n - 9 slices of pizza
 v - a royal jelly
 w - 5 meat rations
 G - 4 beef jerkies
 J - 10 fruits
 Y - 3 chunks of flesh


   Skills:
 + Level 11.1 Fighting
 - Level 12.0 Polearms
 - Level 1.1 Throwing
 - Level 0.6 Armour
 - Level 1.3 Dodging
 - Level 1.5 Spellcasting
 - Level 2.6 Translocations
 + Level 8.6 Evocations


You had 10 spell levels left.
You knew the following spells:

 Your Spells              Type           Power        Failure   Level  Hunger
a - Apportation           Tloc           #.........   21%         1    ##.....
b - Blink                 Tloc           N/A          30%         2    ###....


Dungeon Overview and Level Annotations

Branches:
Dungeon (11/15)            Temple (1/1) D:5            Lair (3/8) D:11
    Orc (0/2) D:10
  Swamp: Lair:3-6    Shoals: Lair:3-6     Snake: Lair:3-6    Spider: Lair:3-6

Altars:
Ashenzari
Cheibriados
Dithmenos
Elyvilon
Fedhas
Gozag
Kikubaaqudgha
Makhleb
Nemelex Xobeh
Okawaru
Pakellas
Qazlal
Ru
Sif Muna
Trog
Vehumet
Xom
Yredelemnul
Zin
The Shining One

Shops:
D:4 }   D:6 [

Annotations:
D:4 Pikel


Innate Abilities, Weirdness & Mutations

You have hooves in place of feet.
Armour fits poorly on your strangely shaped body.
You cover ground very quickly.
You have extremely tough skin (AC +3).
You have a pair of small antennae on your head.
You have a beak for a mouth.
You occasionally shout uncontrollably at your foes.
You are resistant to electric shocks.


Message History

You are too injured to fight recklessly!
You are too injured to fight recklessly!
Attack whom?
Press: ? - help, Dir - move target cursor, f/p - 19-headed hydra
Aim: a 19-headed hydra (severely wounded, lightly drained)
You hack one of the 19-headed hydra's heads off!
The 18-headed hydra grows two more!
You hit the 20-headed hydra.
The 20-headed hydra is heavily wounded.
The 20-headed hydra bites you.
* * * LOW HITPOINT WARNING * * *
The 20-headed hydra bites you.
* * * LOW HITPOINT WARNING * * *
The 20-headed hydra bites you.
* * * LOW HITPOINT WARNING * * *
The 20-headed hydra bites you.
* * * LOW HITPOINT WARNING * * *
You block the 20-headed hydra's attack.
The 20-headed hydra bites you but does no damage.
The 20-headed hydra bites you.
You die...

.....................#..
...........#.+##..#.....
##.#.......##.#.........
.##.......###.......#...
.###......P##.....#..##.
.##.......##.........#..
...#......###..........
.###......####.....#....
####.......#####@.#..##.
###........##.#D.....#
........................
.#.#.##.#P..##.#.######.
.################# ##


You could see a 20-headed hydra.

Vanquished Creatures
  Harold (D:10)
  Urug (D:11)
  The ghost of Mandevil the Grappler, a journeyman VSFi of Pakellas (Lair:1)
  An unseen horror (D:11)
  A manticore (D:11)
  A black mamba (Lair:2)
  Joseph (D:7)
  A spiny frog (Lair:2)
  6 komodo dragons
  A polar bear (Lair:3)
  2 trolls (D:9)
  Prince Ribbit (D:5)
  A two-headed ogre (D:9)
  A basilisk (Lair:1)
  5 yaks (Lair:2)
  A human (D:10)
  5 hippogriffs
  6 wolves (Lair:3)
  3 water moccasins
  2 sky beasts
  3 ice beasts
  5 orc warriors
  3 porcupines
  2 slaves (D:4)
  3 phantoms
  A black bear (D:4)
  5 ogres
  5 centaurs
  3 crocodiles
  Blork the orc (D:6)
  2 big kobolds
  2 elf skeletons (D:7)
  12 giant frogs
  A water moccasin skeleton (D:9)
  4 scorpions
  3 killer bees (D:9)
  3 crimson imps
  4 centaur zombies (Ossuary)
  5 hounds
  A jelly (D:11)
  Crazy Yiuf (D:6)
  3 orc priests
  2 human skeletons (D:7)
  2 human zombies (D:7)
  8 iguanas
  8 orc wizards
  A giant frog skeleton (D:4)
  9 worker ants
  A killer bee zombie (D:9)
  3 big kobold zombies (Ossuary)
  A worker ant zombie (D:5)
  4 mummies (Ossuary)
  10 adders
  A gnoll (D:1)
  23 river rats
  A shadow imp (D:7)
  A worm (D:2)
  8 giant geckos
  41 orcs
  10 bats
  4 giant cockroaches
  11 goblins
  8 hobgoblins
  6 jackals
  14 kobolds
  4 quokkas
  3 ball pythons
  A giant newt (D:6)
  A hobgoblin zombie (Ossuary)
  2 orc skeletons (D:7)
  3 orc zombies (D:7)
  A quokka zombie (D:5)
  7 rats
  2 fungi (D:6)
315 creatures vanquished.

Vanquished Creatures (others)
  A sky beast (D:7)
  A quokka (D:3)
  A plant (D:11)
3 creatures vanquished.

Grand Total: 318 creatures vanquished

Notes
Turn   | Place    | Note
--------------------------------------------------------------
     0 | D:1      | Banto the Centaur Warper began the quest for the Orb.
     0 | D:1      | Reached XP level 1. HP: 17/17 MP: 3/3
   240 | D:1      | Reached XP level 2. HP: 19/24 MP: 4/4
   617 | D:1      | Reached skill level 3 in Polearms
  1104 | D:2      | Reached XP level 3. HP: 27/29 MP: 5/5
  1175 | D:2      | Found a shattered altar of Ashenzari.
  1597 | D:2      | Reached XP level 4. HP: 33/36 MP: 6/6
  1744 | D:2      | Reached skill level 4 in Polearms
  2809 | D:4      | Noticed a black bear
  2921 | D:4      | HP: 1/36 [black bear (3)]
  2926 | D:4      | Killed a black bear
  2926 | D:4      | Reached skill level 5 in Polearms
  2926 | D:4      | Reached XP level 5. HP: 1/41 MP: 7/7
  3334 | D:4      | Noticed an ogre
  3410 | D:4      | Killed an ogre
  3410 | D:4      | Reached XP level 6. HP: 22/48 MP: 8/8
  3648 | D:4      | Reached skill level 6 in Polearms
  3940 | D:4      | Noticed an ice beast
  3962 | D:4      | Killed an ice beast
  4122 | D:4      | Found Odeuc's Gadget Emporium.
  4310 | D:4      | Got a steaming ring mail
  4321 | D:4      | Identified the +3 ring mail "Etheotu" {rPois} (You took it off an orc on level 4 of the Dungeon)
  4452 | D:4      | Reached skill level 7 in Polearms
  4583 | D:4      | Reached XP level 7. HP: 48/55 MP: 9/9
  4656 | D:5      | Entered Level 5 of the Dungeon
  4669 | D:5      | Noticed Pikel
  5172 | D:5      | Found a staircase to the Ecumenical Temple.
  5212 | Temple   | Entered the Ecumenical Temple
  5501 | Temple   | Became a worshipper of Pakellas the Inventive
  5535 | D:5      | Reached skill level 8 in Polearms
  5614 | D:5      | Found a radiant altar of Vehumet.
  5682 | D:5      | Noticed Prince Ribbit
  5689 | D:5      | Killed Prince Ribbit
  5689 | D:5      | Reached XP level 8. HP: 51/61 MP: 10/10
  5707 | D:5      | Learned a level 2 spell: Blink
  5717 | D:5      | Found an opulent altar of Gozag.
  6132 | D:5      | Reached skill level 9 in Polearms
  6754 | D:6      | Found Lux Yxotz's Armour Shoppe.
  6754 | D:6      | Noticed Blork the orc
  6766 | D:6      | Killed Blork the orc
  6774 | D:6      | Bought a +1 cloak of magic resistance for 165 gold pieces
  6866 | D:6      | Found a white marble altar of Elyvilon.
  6875 | D:6      | Reached skill level 10 in Polearms
  6878 | D:6      | Found a stormy altar of Qazlal.
  6880 | D:6      | Found a sparkling altar of Nemelex Xobeh.
  7203 | D:6      | Reached * piety under Pakellas
  7744 | D:6      | Noticed Crazy Yiuf
  7787 | D:6      | Killed Crazy Yiuf
  7982 | D:7      | Reached XP level 9. HP: 52/67 MP: 11/11
  8029 | D:7      | Reached skill level 11 in Polearms
  8061 | D:7      | Gained mutation: Your muscles are strong. (Str +2) [mutagenic meat]
  8062 | D:7      | Gained mutation: You are resistant to electric shocks. [mutagenic meat]
  8063 | D:7      | Gained mutation: You have a beak for a mouth. [mutagenic meat]
  8064 | D:7      | Gained mutation: You occasionally shout uncontrollably at your foes. [mutagenic meat]
  8089 | D:7      | Noticed Joseph
  8100 | D:7      | Killed Joseph
  8508 | D:7      | Reached ** piety under Pakellas
  8508 | D:7      | Received a gift from Pakellas
  8510 | D:7      | Found a sand-covered staircase.
  8561 | Ossuary  | Entered an ossuary
  8852 | Ossuary  | Reached skill level 12 in Polearms
  9512 | D:8      | Lost mutation: Your muscles are strong. (Str +2) [mutagenic meat]
  9513 | D:8      | Gained mutation: You have a pair of small antennae on your head. [mutagenic meat]
  9637 | D:8      | Reached skill level 5 in Fighting
 10176 | D:9      | Reached XP level 10. HP: 80/83 MP: 12/12
 10191 | D:9      | Reached *** piety under Pakellas
 10191 | D:9      | Reached skill level 1 in Evocations
 10314 | D:9      | Found a shadowy altar of Dithmenos.
 10361 | D:9      | Identified a scroll of acquirement
 10884 | D:10     | Entered Level 10 of the Dungeon
 10984 | D:10     | Reached **** piety under Pakellas
 10984 | D:10     | Received a gift from Pakellas
 11025 | D:10     | Noticed Harold
 11058 | D:10     | Killed Harold
 11182 | D:10     | Found a staircase to the Orcish Mines.
 11760 | D:11     | Reached skill level 5 in Evocations
 12022 | D:11     | Killed an unseen horror
 12344 | D:11     | Noticed Urug
 12358 | D:11     | Reached XP level 11. HP: 88/95 MP: 15/15
 12363 | D:11     | Killed Urug
 12397 | D:11     | Found a staircase to the Lair.
 12783 | D:11     | Identified a +8 rod of destruction (11/11) (Pakellas gifted it to you on level 10 of the Dungeon)
 12789 | Lair:1   | Entered Level 1 of the Lair of Beasts
 13434 | Lair:1   | Reached ***** piety under Pakellas
 13453 | Lair:1   | Noticed Mandevil's ghost (journeyman VSFi)
 13554 | Lair:1   | Killed Mandevil's ghost
 13554 | Lair:1   | Reached skill level 10 in Fighting
 15024 | Lair:3   | Noticed an eight-headed hydra
 15100 | Lair:3   | HP: 1/102 [20-headed hydra (6)]
 15100 | Lair:3   | Slain by a 20-headed hydra

Vault maps used:
D:1:      minmay_arrival_wavy_path
D:2:      ashenzari_altar_1
D:3:      lemuel_flame_loot_1
D:4:      minmay_opposing_rooms, serial_shops, shop
D:5:      old_standard_altar, nicolae_gozag_cash_rules_everything_around_me,
          minmay_temple_entry_large_hall, first_bread, uniq_prince_ribbit1,
          uniq_pikel
D:6:      minitemple, serial_shops, nicolae_shop_temple_entry_statues_fountains,
          uniq_crazy_yiuf_cottage, uniq_blork_the_orc
D:7:      nicolae_ossuary_entry_catacombs, minmay_crossroads, uniq_joseph
D:9:      kennysheep_mini
D:10:     orc_0_dummy, grunt_pizzeria, uniq_harold
D:11:     david_lair_shrubbed, uniq_urug
Temple:   hc_temple_tempest_star
Lair:1:   nicolae_quartered_pool_little, grunt_megastairs_5
Lair:2:   columned_hall_lemuel
Lair:3:   nicolae_quartered_pool_medium, minivault_26, roderic_lost_polar_bear
Ossuary:  ossuary_the_hunt_dpeg

Action                   |  1- 3 |  4- 6 |  7- 9 | 10-12 || total
-------------------------+-------+-------+-------+-------++-------
Melee: Spear             |   144 |   144 |       |       ||   288
       Halberd           |       |    93 |   419 |   546 ||  1058
       Quarterstaff      |       |       |   125 |       ||   125
Throw: Tomahawk          |     2 |     5 |     4 |       ||    11
Invok: Quick Charge      |       |       |     1 |     2 ||     3
Evoke: Wand              |       |       |     6 |    11 ||    17
       Rod               |       |       |       |     9 ||     9
  Use: Scroll            |     2 |     6 |    11 |    10 ||    29
 Stab: Paralysed         |       |       |    14 |     7 ||    21
       Held in net/web   |       |       |     3 |       ||     3
       Confused          |       |       |     2 |       ||     2
       Sleeping          |       |       |     1 |     3 ||     4
       Distracted        |       |       |       |     1 ||     1
  Eat: Chunk             |     1 |     8 |    23 |    15 ||    47
